Map: Abyssal Reef LE

Players

Nerchio - Winner!

  • Race: Zerg Zerg
  • Spawn Location: 5:00

Patience

  • Race: Protoss Protoss
  • Spawn Location: 11:00

Event: IEM XI Katowice - World Championship 2017

VOD

Have the link to the VOD?

Description

Time

  • Played on: March 3, 2017, 11:10 a.m.
  • Length: 16:59

All games in this series

Show
View Real Time Build Order
Export as new Build Order

Nerchio Zerg - Winner!

Build Orders: Hatch First 

Get SALT Encoding   

  12  0:00  Drone  
  13  0:12  Overlord  
  13  0:17  Drone  
  14  0:31  Drone x2  
  14  0:34  Drone  
  17  0:55  Drone  
  17  0:56  Hatchery  
  17  0:58  Drone  
  18  1:05  Extractor  
  17  1:14  Spawning Pool  
  17  1:17  Drone  
  17  1:20  Drone  
  18  1:28  Drone  
  19  1:38  Overlord  
  19  1:49  Drone  
  20  2:00  Queen  
  23  2:01  Zergling x2  
  23  2:06  Metabolic Boost  
  23  2:08  Queen  
  23  2:10  Zergling x2  
  23  2:15  Drone  
  27  2:19  Drone  
  27  2:21  Drone  
  29  2:29  Drone  
  30  2:41  Hatchery  
  30  2:43  Drone  
  30  2:46  Drone  
  30  2:48  Drone  
  32  2:52  Overlord  
  32  2:59  Queen  
  32  3:03  Drone  
  32  3:04  Zergling x2  
  36  3:12  Drone x3  
  39  3:13  Drone  
  39  3:18  Drone x2  
  42  3:21  Overlord  
  42  3:23  Drone  
  42  3:26  Drone  
  44  3:31  Overlord  
  43  3:42  Drone x2  
  43  3:43  Drone x3  
  43  3:47  Drone x2  
  49  3:51  Extractor  
  48  3:57  Drone x2  
  48  3:59  Drone  
  48  4:00  Evolution Chamber  
  48  4:02  Queen  
  52  4:05  Spore Crawler  
  52  4:08  Drone  
  52  4:09  Drone  
  52  4:12  Spore Crawler  
  51  4:18  Queen  
  51  4:22  Zergling x8  
  51  4:23  Zergling x2  
  58  4:28  Zerg Melee Weapons Level 1  
  58  4:31  Drone x3  
  59  4:32  Drone  
  59  4:34  Overlord  
  62  4:42  Drone x2  
  62  4:43  Overlord  
  62  4:44  Drone  
  62  4:45  Drone  
  64  4:53  Lair  
  64  4:54  Drone  
  64  4:55  Drone x4  
  64  4:58  Overlord  
  69  5:03  Zergling x2  
  70  5:07  Zergling x4  
  70  5:11  Zergling x2  
  70  5:12  Zergling x6  
  75  5:17  Extractor x3  
  75  5:19  Roach Warren  
  71  5:29  Zergling x10  
  71  5:30  Zergling x6  
  71  5:32  Overlord  
  71  5:34  Drone x2  
  81  5:37  Zergling x2, Extractor  
  81  5:38  Zergling x2, Overlord  
  82  5:44  Overlord  
  82  5:52  Spire  
  82  5:53  Drone x8  
  89  5:59  Drone  
  89  6:03  Drone x2  
  90  6:05  Drone  
  90  6:06  Drone  
  90  6:08  Hatchery  
  90  6:09  Drone  
  90  6:10  Drone  
  89  6:12  Drone  
  89  6:13  Drone  
  89  6:15  Drone x2  
  93  6:24  Drone  
  93  6:25  Drone x3  
  95  6:29  Hatchery  
  95  6:31  Overlord  
  95  6:34  Overlord, Drone  
  95  6:35  Drone  
  95  6:36  Drone  
  98  6:41  Zerg Melee Weapons Level 2  
  98  6:42  Overlord  
  98  6:44  Overlord  
  98  6:46  Overlord  
  98  6:48  Pneumatized Carapace  
  98  6:52  Extractor  
  97  6:54  Extractor  
  95  7:02  Zergling x10  
  95  7:03  Zergling x6  
  95  7:05  Zerg Flyer Armor Level 1  
  102  7:26  Mutalisk  
  102  7:27  Mutalisk x8  
  119  7:32  Drone x4  
  119  7:33  Drone x2  
  119  7:35  Spire  
  124  7:38  Overlord  
  124  7:42  Drone x5  
  129  7:48  Overlord  
  129  7:53  Corruptor x3, Extractor  
  129  7:54  Corruptor  
  129  7:56  Extractor  
  135  7:58  Corruptor  
  135  8:01  Corruptor  
  135  8:04  Corruptor  
  141  8:09  Drone x3  
  141  8:12  Corruptor  
  146  8:17  Corruptor x2  
  150  8:24  Corruptor  
  150  8:25  Corruptor  
  150  8:28  Corruptor  
  150  8:30  Corruptor  
  150  8:33  Corruptor  
  150  8:37  Corruptor  
  150  8:40  Corruptor  
  148  8:46  Corruptor  
  150  8:49  Overlord  
  150  8:50  Overlord  
  150  8:52  Corruptor  
  150  8:55  Corruptor  
  151  9:02  Zerg Flyer Weapons Level 1  
  153  9:03  Zerg Flyer Armor Level 2  
  153  9:11  Corruptor, Baneling Nest  
  153  9:12  Corruptor  
  154  9:18  Corruptor x2  
  158  9:26  Overseer  
  158  9:27  Overseer x3  
  158  9:28  Zergling x14  
  165  9:31  Corruptor  
  165  9:36  Corruptor  
  165  9:37  Corruptor  
  171  9:41  Corruptor  
  171  9:44  Corruptor  
  175  9:47  Overlord x2  
  175  9:49  Overlord  
  171  9:54  Overlord  
  171  9:55  Overlord  
  170  10:02  Corruptor x2  
  159  10:09  Corruptor x3  
  159  10:13  Zergling x2  
  159  10:14  Zergling x4  
  157  10:22  Corruptor  
  157  10:23  Corruptor x2  
  159  10:31  Zergling x6  
  159  10:32  Zergling x10  
  166  10:37  Glial Reconstitution  
  166  10:44  Zergling x14, Infestation Pit  
  166  10:47  Centrifical Hooks  
  166  10:49  Zergling x4  
  174  11:01  Zergling x14  
  181  11:09  Zergling x20  
  189  11:14  Baneling x5  
  189  11:15  Baneling x7  
  189  11:20  Roach  
  189  11:21  Roach x2  
  189  11:24  Roach x2  
  197  11:32  Baneling  
  197  11:33  Baneling x10  
  197  11:36  Roach  
  199  11:40  Spine Crawler  
  199  11:41  Spine Crawler  
  199  11:43  Overlord  
  189  11:55  Overlord  
  189  11:56  Baneling x10  
  189  12:00  Spine Crawler  
  189  12:01  Spine Crawler, Ravager x5  
  190  12:07  Hive  
  192  12:15  Baneling x8  
  180  12:26  Drone x5  
  179  12:36  Drone  
  179  12:37  Drone x2  
  180  12:41  Spine Crawler  
  180  12:42  Spine Crawler, Drone  
  180  12:43  Spine Crawler x3  
  180  12:44  Spine Crawler  
  175  12:45  Spine Crawler, Drone  
  175  12:47  Drone  
  175  12:48  Drone  
  175  12:51  Drone  
  176  12:52  Drone  
  176  12:54  Drone  
  176  13:04  Roach x3  
  180  13:07  Baneling x2  
  180  13:08  Baneling x4  
  180  13:15  Roach x3  
  180  13:16  Baneling  
  180  13:17  Baneling x2  
  184  13:24  Roach x3  
  181  13:27  Roach x2  
  171  13:35  Roach  
  171  13:36  Roach x2  
  171  13:38  Roach  
  171  13:39  Roach  
  171  13:40  Roach  
  165  13:43  Roach  
  165  13:45  Roach  
  161  13:50  Greater Spire  
  161  13:54  Drone  
  161  13:55  Drone x4  
  166  14:01  Zergling x8  
  166  14:02  Zergling x2  
  171  14:03  Ravager  
  171  14:04  Ravager  
  171  14:09  Zergling x8  
  177  14:12  Zergling x4  
  177  14:13  Zergling x2  
  180  14:19  Zergling x4  
  180  14:20  Zergling x6  
  183  14:27  Adrenal Glands  
  181  14:38  Overlord  
  181  14:40  Baneling x4  
  181  14:41  Baneling x5  
  181  14:44  Zergling x16  
  189  14:55  Overlord  
  188  15:03  Spine Crawler  
  188  15:04  Spine Crawler, Drone x2  
  188  15:05  Spine Crawler  
  188  15:07  Spine Crawler  
  189  15:08  Brood Lord x4  
  200  15:14  Brood Lord x2  
  200  15:24  Overseer x2  
  200  15:30  Baneling x14  
  200  15:32  Ultralisk Cavern  
  198  15:42  Baneling  
  198  15:43  Baneling x5  
  198  15:54  Baneling  
  198  15:55  Baneling x6  
  187  16:14  Brood Lord x3  
  187  16:15  Zergling x4  
  187  16:16  Brood Lord, Zergling x2  
  187  16:17  Brood Lord  
  196  16:19  Zergling x8  
  196  16:24  Zergling x2  
  196  16:25  Zergling x12  
  191  16:37  Zergling x38  
Show
View Real Time Build Order
Export as new Build Order

Patience Protoss 

Build Orders: Nexus First, Oracle Opening 

Get SALT Encoding   

  12  0:00  Probe (Chrono Boost)  
  13  0:11  Probe (Chrono Boost)  
  14  0:17  Pylon  
  14  0:21  Probe (Chrono Boost)  
  15  0:35  Probe (Chrono Boost)  
  16  0:46  Probe (Chrono Boost)  
  17  0:59  Nexus  
  17  1:10  Gateway  
  17  1:13  Probe (Chrono Boost)  
  18  1:18  Assimilator  
  18  1:23  Probe (Chrono Boost)  
  19  1:27  Assimilator  
  19  1:34  Probe (Chrono Boost)  
  20  1:41  Gateway  
  20  1:45  Probe (Chrono Boost)  
  21  1:55  Probe (Chrono Boost)  
  21  1:58  Cybernetics Core  
  22  2:06  Probe (Chrono Boost)  
  23  2:13  Probe (Chrono Boost)  
  24  2:16  Probe (Chrono Boost)  
  25  2:23  Probe (Chrono Boost)  
  25  2:27  Probe (Chrono Boost)  
  27  2:31  Adept  
  27  2:32  Adept  
  27  2:35  Probe (Chrono Boost)  
  32  2:38  Warp Gate  
  32  2:39  Probe (Chrono Boost)  
  33  2:45  Pylon  
  33  2:48  Probe (Chrono Boost)  
  33  2:51  Probe (Chrono Boost)  
  35  2:57  Stargate  
  35  3:03  Probe (Chrono Boost), Mothership Core (Chrono Boost)  
  38  3:10  Adept  
  38  3:12  Adept  
  42  3:14  Probe (Chrono Boost)  
  43  3:20  Pylon  
  43  3:22  Probe (Chrono Boost)  
  43  3:25  Probe (Chrono Boost)  
  45  3:39  Probe x2 (Chrono Boost)  
  47  3:43  Oracle  
  48  3:49  Adept  
  48  3:51  Probe (Chrono Boost)  
  48  3:53  Probe (Chrono Boost)  
  54  4:01  Gateway  
  54  4:07  Pylon  
  54  4:08  Probe (Chrono Boost)  
  54  4:09  Probe (Chrono Boost)  
  54  4:14  Forge  
  54  4:18  Assimilator  
  54  4:21  Assimilator, Pylon  
  54  4:25  Phoenix, Probe (Chrono Boost)  
  54  4:27  Probe (Chrono Boost)  
  58  4:36  Probe (Chrono Boost)  
  60  4:39  Nexus, Probe (Chrono Boost)  
  60  4:46  Probe (Chrono Boost)  
  60  4:47  Adept x2  
  66  4:54  Probe (Chrono Boost)  
  66  4:57  Probe (Chrono Boost)  
  66  4:59  Adept  
  69  5:06  Probe (Chrono Boost)  
  70  5:10  Pylon  
  70  5:11  Pylon  
  70  5:16  Stargate  
  70  5:17  Fleet Beacon  
  70  5:29  Probe x2 (Chrono Boost)  
  72  5:35  Stargate  
  72  5:39  Probe (Chrono Boost)  
  72  5:40  Assimilator, Probe (Chrono Boost)  
  74  5:44  Assimilator  
  74  5:48  Pylon  
  75  5:50  Probe x2 (Chrono Boost)  
  75  5:52  Stalker  
  75  5:54  Probe (Chrono Boost)  
  75  5:57  Carrier  
  79  6:00  Probe (Chrono Boost)  
  79  6:01  Probe (Chrono Boost)  
  81  6:05  Probe (Chrono Boost)  
  81  6:09  Carrier  
  81  6:11  Probe (Chrono Boost)  
  87  6:13  Probe (Chrono Boost)  
  87  6:16  Probe (Chrono Boost)  
  96  6:26  Pylon, Probe (Chrono Boost)  
  96  6:27  Carrier  
  96  6:36  Protoss Air Weapons Level 1, Probe (Chrono Boost)  
  103  6:43  Photon Cannon  
  103  6:44  Probe (Chrono Boost)  
  103  6:46  Pylon  
  106  6:48  Probe x2 (Chrono Boost)  
  106  6:50  Pylon x2  
  106  6:56  Probe (Chrono Boost)  
  107  7:04  Probe x2 (Chrono Boost), Photon Cannon  
  107  7:06  Pylon  
  110  7:08  Probe (Chrono Boost)  
  110  7:15  Protoss Shields Level 1  
  110  7:24  Void Ray  
  110  7:29  Pylon  
  110  7:31  Pylon  
  124  7:39  Photon Cannon  
  124  7:41  Photon Cannon  
  124  7:43  Pylon  
  124  7:44  Photon Cannon x2  
  124  7:51  Phoenix  
  124  7:52  Phoenix  
  124  8:01  Photon Cannon  
  124  8:03  Adept x2, Sentry  
  130  8:08  Phoenix  
  130  8:10  Photon Cannon  
  131  8:13  Phoenix  
  131  8:16  Phoenix, Anion Pulse-Crystals  
  133  8:25  Probe x2 (Chrono Boost)  
  133  8:27  Probe (Chrono Boost)  
  133  8:37  Probe x2 (Chrono Boost)  
  133  8:38  Phoenix x3  
  141  8:49  Photon Cannon  
  141  8:50  Nexus, Sentry x2, Photon Cannon  
  141  8:51  Pylon  
  145  9:02  Nexus  
  145  9:06  Void Ray x2  
  153  9:18  Protoss Air Weapons Level 2  
  153  9:24  Pylon  
  149  9:43  Stalker  
  149  9:44  Stalker  
  153  9:46  Photon Cannon  
  153  9:47  Photon Cannon  
  153  9:50  Assimilator, Void Ray x2  
  153  9:55  Assimilator  
  161  10:00  Stalker  
  149  10:07  Adept x2  
  150  10:19  Pylon  
  136  10:24  Adept  
  133  10:28  Adept x2  
  133  10:35  Probe x3 (Chrono Boost)  
  138  10:49  Twilight Council  
  138  10:50  Nexus  
  138  10:51  Gateway  
  138  10:53  Gateway  
  138  10:54  Gateway  
  138  10:55  Stalker  
  138  10:56  Stalker x2  
  137  11:20  Adept x2  
  137  11:21  Adept  
  137  11:25  Resonating Glaives, Robotics Facility  
  142  11:27  Colossus, Gateway x2  
  142  11:31  Probe (Chrono Boost)  
  142  11:32  Probe (Chrono Boost)  
  144  11:33  Pylon, Protoss Ground Weapons Level 1  
  144  11:39  Templar Archives  
  140  12:01  Nexus  
  140  12:15  Assimilator, High Templar x5  
  148  12:22  Archon  
  148  12:23  Archon  
  148  12:32  Warp Prism  
  148  12:42  High Templar x3  
  153  12:54  Archon  
  153  12:55  High Templar x2, Stalker  
  153  12:56  Stalker x2  
  153  12:57  Archon  
  163  12:59  Probe (Chrono Boost)  
  163  13:00  Probe (Chrono Boost)  
  163  13:03  Photon Cannon  
  163  13:04  Archon  
  151  13:05  Photon Cannon  
  151  13:09  Probe (Chrono Boost)  
  151  13:12  Probe (Chrono Boost)  
  125  13:28  Adept  
  125  13:29  Adept x6  
  125  13:30  Adept  
  115  13:43  Blink  
  105  13:49  Warp Prism  
  107  13:57  Stalker x3  
  107  13:58  Stalker x5  
  117  14:20  Stalker  
  117  14:21  Stalker x6  
  117  14:23  Stalker  
  133  14:30  Protoss Ground Weapons Level 2  
  133  14:34  Immortal  
  137  14:49  Zealot x5  
  137  15:04  Robotics Bay  
  137  15:05  Stalker x2  
  137  15:06  Stalker  
  143  15:09  Immortal  
  145  15:18  Robotics Facility  
  145  15:32  Stalker x2  
  145  15:33  Stalker x3  
  155  15:39  Zealot x2, Sentry  
  155  15:41  Photon Cannon  
  161  15:53  Nexus, Disruptor  
  151  16:11  Stalker  
  151  16:12  Stalker x3  
  127  16:37  Stalker x3  
  127  16:38  Stalker  
  127  16:39  Stalker x3  

Tags
 
Add a new tag
Caveats
  • Supply blocks, unpowered buildings, or Contaminate may cause inaccurate times.
  • Supply counts are checked every 10 seconds.